 Dungeon Crawl Stone Soup version 0.28.0-43-g3370ac3207 (webtiles) character file.

Game seed: 3066231662614524549

3 diana the Sneak (level 1, 9/9 HPs)
             Began as a Spriggan Enchanter on Mar 27, 2022.
             Quit the game on level 1 of the Dungeon.
             The game lasted 00:00:39 (198 turns).

diana the Sneak (Spriggan Enchanter)                 Turns: 198, Time: 00:00:40

Health: 9/9        AC:  2    Str:  4    XL:     1   Next: 41%
Magic:  5/5        EV: 17    Int: 16    God:
Gold:   34         SH:  0    Dex: 15    Spells: 5/5 levels left

rFire   . . .      SeeInvis +   a - +1 dagger
rCold   . . .      Faith    .   (no shield)
rNeg    . . .      Spirit   .   b - +0 robe
rPois   .          Reflect  .   (helmet restricted)
rElec   .          Harm     .   (no cloak)
rCorr   .          Rampage  .   (gloves unavailable)
Will    .....                   (boots unavailable)
Stlth   +++.......              (no amulet)
HPRegen 0.03/turn               (no ring)
MPRegen 0.09/turn               (no ring)

@: very quick
A: very small, no large weapons, unfitting armour, see invisible, speed 3
a: no special abilities


You were on level 1 of the Dungeon.
You visited 1 branch of the dungeon, and saw 1 of its levels.

You collected 34 gold pieces.

Inventory:

Hand Weapons
 a - a +1 dagger (weapon)
Armour
 b - a +0 robe (worn)
Potions
 c - a potion of invisibility


   Skills:
 + Level 1.2 Short Blades
 + Level 2.8 Dodging
 + Level 4.5 Stealth
 + Level 2.7 Spellcasting
 + Level 3.7 Hexes


You had 5 spell levels left.
You didn't know any spells.
Your spell library contained the following spells:

 Spells                   Type           Power      Damage    Failure   Level
 Confusing Touch          Hex            14%        N/A       13%         3
 Tukima's Dance           Hex            14%        N/A       13%         3
 Ensorcelled Hibernation  Hex/Ice        16%        N/A       14%         2
 Dazzling Flash           Conj/Hex       16%        N/A       26%         3


Dungeon Overview and Level Annotations

Branches:
Dungeon (1/15)

Altars:


Innate Abilities, Weirdness & Mutations

You are very small and have problems with some larger weapons.
You are too small for most types of armour.
You have supernaturally acute eyesight. (SInv)
You cover ground extremely quickly. (Speed+++)


Message History

HP restored.
You now have 19 gold pieces (gained 10).
Found a runed trident.
You see here a +0 vampiric trident.
Found a stone staircase leading down.
A kobold comes into view. It is wielding a +0 short sword.
Found 5 gold pieces.
A kobold is nearby!
Found 10 gold pieces.
The kobold shouts!
The kobold closely misses you.
You closely miss the kobold. The kobold misses you.
You hit the kobold but do no damage. The kobold misses you.
You hit the kobold.
The kobold is severely wounded.
The kobold misses you.
You hit the kobold.
You kill the kobold!
No target in view!
No target in view!
No target in view!
No target in view!
No target in view!
You now have 24 gold pieces (gained 5).
Things that are here:
a +0 short sword; 5 stones You now have 34 gold pieces (gained 10).
A rat comes into view.
A rat is nearby!
A rat and an endoplasm come into view.
You see here a metallic coppery potion.
You hit the rat.
You kill the rat!
You completely miss the rat. The rat bites you.
You hit the rat but do no damage. The rat bites you.
You hit the rat.
You kill the rat!
No target in view!
You see here a metallic coppery potion.
Are you sure you want to abandon this character and quit the game? (Confirm with "yes".)

.########. #.####.###.#
.......# ##.####.## .#
..####.# .........##.###.
..####.#####.##...........
.........# #..>..#.###.
#####..#.# ####....#
.....#...# ###.#..#
......#..###.###...#...#
..<....#..#.....@#####...
......#......###...# .###
.....#.............# #
#####..#.......###...# ...
...... ...... ###......
.#.### #..... #.# ...J #
.###


You could see an endoplasm (asleep).

Vanquished Creatures
  An endoplasm (D:1)
  A kobold (D:1)
  2 rats (D:1)
4 creatures vanquished.

Notes
Turn   | Place    | Note
-------+----------+-------------------------------------------
     0 | D:1      | diana the Spriggan Enchanter began the quest for the Orb.
     0 | D:1      | Reached XP level 1. HP: 9/9 MP: 5/5
   198 | D:1      | Quit the game

Illustrated notes

Levels and vault maps discovered:
D:1:      scummos_arrival_hexagon, layout_loops_ring,
          dilly_ecumenical_altar_fadedgnrine

Action                   || total
-------------------------++-------
Melee: Dagger            ||    14
Dodge: Dodged            ||     7
